 Dungeon Crawl Stone Soup version 0.20-a0-967-g62cfa5d (webtiles) character file.

128 AlphabetPasta the Vexing (level 5, -3/38 HPs)
             Began as a Barachi Arcane Marksman on Apr 7, 2017.
             Slain by an orc priest
             ... wielding a +0 mace
              (8 damage)
             ... on level 3 of the Dungeon.
             The game lasted 00:13:43 (2687 turns).

AlphabetPasta the Vexing (Barachi Arcane Marksman)  Turns: 2687, Time: 00:13:44

Health: -3/38      AC:  4    Str: 13    XL:     5   Next: 12%
Magic:  7/7        EV: 13    Int: 13    God:
Gold:   90         SH:  0    Dex: 12    Spells: 1/7 levels left

rFire    . . .     SeeInvis .   l - +0 hand axe
rCold    . . .     Gourm    .   (no shield)
rNeg     . . .     Faith    .   e - +1 robe
rPois    .         Spirit   .   (no helmet)
rElec    .         Reflect  .   j - +0 cloak
rCorr    .         Harm     .   (no gloves)
MR       .....                  (no boots)
Stlth    +.........             (no amulet)
Regen    0.2/turn               (no ring)
MPRegen  0.1/turn               (no ring)

@: slow
A: +LOS, swims, slowness 1, strong legs 1
a: Hop


You were on level 3 of the Dungeon.
You were not hungry.

You visited 1 branch of the dungeon, and saw 3 of its levels.

You collected 90 gold pieces.

Inventory:

Hand Weapons
 b - a +0 hand crossbow
 l - a +0 hand axe (weapon)
Missiles
 d - 6 bolts
Armour
 e - a +1 robe (worn)
 j - a +0 cloak (worn)
Wands
 q - a wand of random effects (32/48)
Scrolls
 r - a scroll of recharging
Potions
 a - a potion of curing
 k - a potion of flight
 m - 2 potions of agility
 n - a potion of brilliance {unknown}
 o - a potion of berserk rage {unknown}
Books
 c - a book of Debilitation

   Spells                             Type                      Level
   a - Corona                         Hexes                        1
   b - Slow                           Hexes                        2
   c - Inner Flame                    Hexes/Fire                   3
   d - Portal Projectile              Hexes/Translocation          3
   e - Cause Fear                     Hexes                        4
   f - Leda's Liquefaction            Hexes/Earth                  4
Comestibles
 f - 2 bread rations
 g - 2 chunks of flesh
 i - a royal jelly
 p - 3 fruits


   Skills:
 + Level 2.0 Fighting
 * Level 3.0 Crossbows
 + Level 2.0 Armour
 + Level 3.1 Dodging
 + Level 1.9 Spellcasting
 * Level 4.0 Hexes


You had one spell level left.
You knew the following spells:

 Your Spells              Type           Power        Failure   Level  Hunger
a - Corona                Hex            ##.....      6%          1    ##.....
b - Slow                  Hex            ##......     10%         2    ###....
c - Portal Projectile     Hex/Tloc       #.....       34%         3    ####...


Dungeon Overview and Level Annotations

Branches:
Dungeon (3/15)

Altars:
Trog


Innate Abilities, Weirdness & Mutations

Shadows flee at your approach. (+LOS)
You can swim through water.
You cover ground slowly.
You can hop short distances.


Message History

The orc priest mumbles some strange prayers to Beogh against you.
Beogh smites you!
* * * LOW HITPOINT WARNING * * *
You hit the orc priest but do no damage.
The orc priest is heavily wounded.
The orc priest hits you with a mace.
* * * LOW HITPOINT WARNING * * *
You feel better.
The orc priest calls down the wrath of Beogh upon you.
Pain shoots through your body!
* * * LOW HITPOINT WARNING * * *
You hit the orc priest but do no damage.
The orc priest is heavily wounded.
The orc priest hits you with a mace.
* * * LOW HITPOINT WARNING * * *
The orc priest completely misses you.
You hit the orc priest.
The orc priest is severely wounded.
The orc priest hits you with a mace!
You die...

.#. #.....# ...
###.#.#
...######.#.##########
......................
............##########
#.######...o....# #.#
########.# ##.# #o#
...## #@#
....############.#
................<#
.....#####..)....#
#..#.# #.#######
...#.# #.# ...#.# #.#
...#.# #.# ####.# #.#


You could see an orc priest.

Vanquished Creatures
  2 adders
  An ooze (D:2)
  4 worms (D:2)
  4 dart slugs
  A leopard gecko (D:1)
  10 orcs
  4 giant cockroaches
  2 hobgoblins
  9 jackals
  6 kobolds
  A ball python (D:1)
  3 bats (D:1)
  8 frilled lizards
  10 goblins
  11 rats
76 creatures vanquished.

Notes
Turn   | Place    | Note
-------+----------+-------------------------------------------
     0 | D:1      | AlphabetPasta the Barachi Arcane Marksman began the quest for the Orb.
     0 | D:1      | Reached XP level 1. HP: 15/15 MP: 2/2
    72 | D:1      | Reached XP level 2. HP: 21/21 MP: 3/3
    80 | D:1      | Learned a level 2 spell: Slow
   341 | D:1      | Reached XP level 3. HP: 26/26 MP: 5/5
   694 | D:1      | Reached skill level 1 in Armour
   950 | D:2      | Learned a level 2 spell: Slow
  1122 | D:2      | Reached XP level 4. HP: 33/33 MP: 6/6
  1127 | D:2      | Learned a level 3 spell: Portal Projectile
  1492 | D:2      | Noticed a moth of wrath
  1494 | D:2      | Found a bloodstained altar of Trog.
  2126 | D:3      | Reached skill level 4 in Hexes
  2146 | D:3      | Reached XP level 5. HP: 25/38 MP: 7/7
  2687 | D:3      | Slain by an orc priest

Vault maps used:
D:1:      dpeg_arrival_rooms_with_view
D:2:      tgw_trog, first_bread, minmay_ruptured
D:3:      lemuel_round_altar

Skill      XL: |  1  2  3  4  5 |
---------------+----------------+-----
Armour         | 1 2 |  2.0
Fighting       | 2 |  2.0
Dodging        | 3 |  3.1
Crossbows      | 3 |  3.0
Hexes          | 4 |  4.0
Spellcasting   | |  1.9

Action                   |  1- 3 |  4- 6 || total
-------------------------+-------+-------++-------
Melee: Hand axe          |       |   106 ||   106
       Hand crossbow     |       |     5 ||     5
       Unarmed           |       |     3 ||     3
 Fire: Hand crossbow     |    76 |    60 ||   136
 Abil: Hop               |       |     2 ||     2
  Use: Scroll            |     7 |     2 ||     9
       Potion            |       |     2 ||     2
  Eat: Chunk             |     1 |     6 ||     7
Armor: Robe              |     5 |    35 ||    40
Dodge: Dodged            |    14 |   107 ||   121
